 Dungeon Crawl Stone Soup version 0.30.1-3-gfc49f6343a (webtiles) character file.

Game seed: 17060084826696396217

51 CaptainMV the Chiller (level 3, 0/25 HPs)
             Began as a Demonspawn Wanderer on July 24, 2023.
             Slain by a hobgoblin (2 damage)
             ... on level 2 of the Dungeon.
             The game lasted 00:10:23 (687 turns).

CaptainMV the Chiller (Demonspawn Wanderer)          Turns: 687, Time: 00:10:24

Health: 0/25       AC:  9    Str: 13    XL:     3   Next: 58%
Magic:  1/5        EV: 10    Int: 14    God:
Gold:   20         SH:  0    Dex: 12    Spells: 0/4 levels left

rFire   . . .        a - +0 hand axe
rCold   . . .        (no shield)
rNeg    . . .        g - +0 ring mail
rPois   .            (no helmet)
rElec   .            (no cloak)
rCorr   .            d - +0 pair of gloves
SInv    .            (no boots)
Will    .....        (no amulet)
Stlth   +            (no ring)
HPRegen 0.24/turn    (no ring)
MPRegen 0.09/turn

%: no passive effects
@: very slightly contaminated
A: icy blue scales 2
a: no special abilities


You were on level 2 of the Dungeon.
You visited 1 branch of the dungeon, and saw 2 of its levels.

You collected 20 gold pieces.

Inventory:

Hand Weapons
 a - a +0 hand axe (weapon)
 b - a +0 whip of electrocution
Armour
 d - a +0 pair of gloves (worn)
 g - a +0 ring mail (worn)
Scrolls
 c - a scroll of silence
Potions
 e - a potion of flight {unknown}
 f - 2 potions of curing {unknown}
 h - 2 potions of lignification {unknown}
 k - a potion of cancellation {unknown}


   Skills:
 + Level 0.4 Fighting
 + Level 1.3 Axes
 + Level 2.0 Armour
 + Level 0.9 Dodging
 + Level 1.4 Spellcasting
 + Level 4.2 Ice Magic
 + Level 1.2 Invocations
 + Level 1.0 Evocations


You couldn't memorise any spells.
You knew the following spells:

 Your Spells              Type           Power      Damage    Failure   Level
a - Freeze                Ice            48%        1d6       10%         1
b - Hailstorm             Conj/Ice       6%         3d4       56%         3

Your spell library contained the following spells:

 Spells                   Type           Power      Damage    Failure   Level
 Ozocubu's Armour         Ice            12%        N/A       28%         3


Dungeon Overview and Level Annotations

Branches:
Dungeon (2/15)

Altars:

Shops:
D:1 :

Annotations:
D:2 Natasha


Innate Abilities, Weirdness & Mutations

You are mostly covered in icy blue scales. (AC +3)


Message History

Casting: Freeze (safe; 10% risk of failure)
Confirm with . or Enter, or press ? or * to list all spells.
Aiming: Freeze (safe; 10% risk of failure)
Press: ? - help, Shift-Dir - straight line, f/p - Natasha
Aim: Natasha (moderately wounded)
You freeze Natasha.
Natasha is severely wounded.
Natasha barely misses you.
You hit Natasha but do no damage.
Natasha is heavily wounded.
Natasha claws you.
You closely miss Natasha.
Natasha is heavily wounded.
Natasha casts a spell.
Your +0 whip of electrocution stops crackling.
a - a +0 hand axe (weapon)
The hobgoblin hits you. Natasha closely misses you.
You closely miss Natasha.
Natasha is heavily wounded.
You hit the hobgoblin.
The cerulean imp hits you from afar with a +2 spear.
The hobgoblin barely misses you. Natasha claws you.
You closely miss Natasha.
Natasha is heavily wounded.
You barely miss the hobgoblin.
The cerulean imp hits you but does no damage.
The hobgoblin barely misses you.
A frilled lizard comes into view.
Natasha claws you.
The cerulean imp hits you but does no damage.
The frilled lizard hisses angrily.
You hit Natasha.
Natasha is almost dead.
You hit the hobgoblin.
The hobgoblin hits you but does no damage.
Natasha barely misses you.
The cerulean imp hits you from afar with a +2 spear.
* * * LOW HITPOINT WARNING * * *
The hobgoblin hits you.
You die...

#.# #.#####
#.#.#
##.###
#.....#
#.#.#
.....#
#####.#
#.#.#
.....# #.#
#.#[#
.†...#####
#####.#
#.#.#
..†.......
...#.#
#.#.#
......#####
##.#.#
#####
...........
#[...#
...<.......
#.@###
##.)..###..
#gh# #.####
#.5# #.#
#..# #.#
#..# #.#
...l ##
#... .###


You could see Natasha, a cerulean imp (summoned), a hobgoblin and a frilled
lizard.

Vanquished Creatures
  An adder (D:2)
  4 ball pythons
  An endoplasm (D:1)
  5 giant cockroaches (D:1)
  A goblin (D:1)
  7 hobgoblins
  4 jackals (D:1)
  3 kobolds
  5 bats
  4 frilled lizards
  2 rats (D:1)
37 creatures vanquished.

Notes
Turn   | Place    | Note
-------+----------+-------------------------------------------
     0 | D:1      | CaptainMV the Demonspawn Wanderer began the quest for the
                  | Orb.
     0 | D:1      | CaptainMV set off with the following items: a +0 hand axe,
                  | a +0 ring mail, a scroll of silence; and the following
                  | spell memorised: Freeze; and the following spells available
                  | to memorise: Ozocubu's Armour, Hailstorm.
     0 | D:1      | Reached XP level 1. HP: 13/13 MP: 2/2
   121 | D:1      | Reached skill level 4 in Ice Magic
   138 | D:1      | Gained mutation: You are partially covered in icy blue
                  | scales. (AC +2) [demonic ancestry]
   138 | D:1      | Reached XP level 2. HP: 13/19 MP: 1/3
   213 | D:1      | Found Zost's Book Boutique.
   353 | D:1      | Gained mutation: You are mostly covered in icy blue scales.
                  | (AC +3) [demonic ancestry]
   353 | D:1      | Reached XP level 3. HP: 12/25 MP: 0/4
   440 | D:1      | Learned a level 3 spell: Hailstorm
   677 | D:2      | Noticed Natasha
   687 | D:2      | Slain by a hobgoblin

Illustrated notes

Levels and vault maps discovered:
D:1:      saegor_arrival_simple_d, layout_loops_ring, serial_shops, shop
D:2:      layout_loops_ring, ebering_dispersal_statue_hall, minmay_lizard_king,
          uniq_natasha

Skill      XL: |  1  2  3 |
---------------+----------+-----
Ice Magic      | 4 |  4.2
Armour         | 2 |  2.0
Fighting       | |  0.4
Axes           | |  1.3
Dodging        | |  0.9
Spellcasting   | |  1.4
Invocations    | |  1.2
Evocations     | |  1.0

Action                     || total
---------------------------++-------
  Melee: Hand axe          ||    80
         Punch             ||     2
         Whip              ||     7
   Cast: Freeze            ||    32
    Use: Scroll            ||     2
 Armour: Ring mail         ||    70
  Dodge: Dodged            ||    80
